 Dungeon Crawl Stone Soup version 0.18.1-50-g88ac8fd (webtiles) character file.

228 GFox the Archer (level 5, 0/41 HPs)
             Began as a Centaur Hunter on Sept 20, 2016.
             Killed by divine providence
             ... invoked by an orc priest
              (13 damage)
             ... on level 4 of the Dungeon.
             The game lasted 00:27:50 (3028 turns).

GFox the Archer (Centaur Hunter)                    Turns: 3028, Time: 00:27:53

Health: 0/41       AC:  4    Str: 14    XL:     5   Next: 71%
Magic:  5/5        EV: 10    Int: 10    God:
Gold:   147        SH:  0    Dex: 14    Spells: 0 memorised, 4 levels left

rFire  . . .     SeeInvis .     a - +2 shortbow
rCold  . . .     Gourm    .     c - +0 leather armour
rNeg   . . .     Faith    .     (shield currently unavailable)
rPois  .         Spirit   .     (no helmet)
rElec  .         Dismiss  .     (no cloak)
rCorr  .         Reflect  .     (no gloves)
SustAt .         Harm     .     (no barding)
MR     .....                    (no amulet)
Stlth  +.........               (no ring)
                                r - +3 ring of dexterity

@: slowed, not resistant to hostile enchantments, very unstealthy
A: hooves 3, deformed body, speed 2, tough skin 3
a: no special abilities


You were on level 4 of the Dungeon.
You were not hungry.

You visited 1 branch of the dungeon, and saw 4 of its levels.

You collected 147 gold pieces.

Inventory:

Hand Weapons
 a - a +2 shortbow (weapon)
 b - a +0 short sword
Missiles
 d - 24 arrows (quivered)
Armour
 c - a +0 leather armour (worn)
Jewellery
 r - a +3 ring of dexterity (left hand)
Scrolls
 e - a scroll of fog {unknown}
 i - a scroll of fear
 n - 3 scrolls of remove curse
Potions
 j - a potion of curing
 o - a potion of cure mutation {unknown}
 p - a potion of degeneration {unknown}
 q - a potion of lignification {unknown}
Comestibles
 f - 6 bread rations
 g - 3 fruits
 h - 2 chunks of flesh
 k - a slice of pizza
 l - a meat ration


   Skills:
 + Level 2.2 Fighting
 + Level 8.3 Bows
 + Level 1.1 Armour
 + Level 2.0 Dodging
 + Level 0.5 Stealth


You had 4 spell levels left.
You didn't know any spells.

Dungeon Overview and Level Annotations

Branches:
Dungeon (4/15)
 Temple: D:4-7

Altars:
Kikubaaqudgha
Trog


Innate Abilities, Weirdness & Mutations

You have hooves in place of feet.
Armour fits poorly on your strangely shaped body.
You cover ground very quickly.
You have extremely tough skin (AC +3).


Message History

The orc wizard is healed somewhat.
Firing (i - inventory):
d - 26 arrows (quivered)
Press: ? - help, Shift-Dir - straight line, f/p - orc wizard
Aim: an orc wizard, wielding a dagger and wearing a robe (heavily wounded)
You shoot an arrow. The arrow hits the orc wizard!
You kill the orc wizard!
The orc priest invokes the aid of Beogh against you.
Beogh smites you!
The orc wizard hits you but does no damage.
Firing (i - inventory):
d - 25 arrows (quivered)
Press: ? - help, Shift-Dir - straight line, f - orc wizard
Aim: an orc wizard, wielding a dagger and wearing a robe (heavily wounded, fast)
You shoot an arrow. The arrow hits the orc wizard.
The orc wizard is severely wounded.
The orc wizard hits you but does no damage.
The orc priest calls upon Beogh to heal the orc wizard.
The orc wizard is healed somewhat.
The orc wizard barely misses you.
The orc priest mumbles some strange prayers to Beogh against you.
Beogh smites you!
You die...

#...#...........#
#...#...........#
#o..#...........#
#...'......(>...#
#..o#..(o.(...(.#
###'#########....(
#.(..# ..... #o...#
o.... . #@...# .(...
.....#....# .....
.....#'#########+#..(..
#...................##
+...................#
#...................#
#...................#
#...................#
#........<..........#


You could see an orc priest and an orc wizard.

Vanquished Creatures
  The ghost of veneficus the Charmwright, a weakling MfSk (D:3)
  An orc wizard (D:4)
  Robin (D:3)
  4 adders
  A shadow imp (D:3)
  4 dart slugs
  4 worms (D:2)
  3 giant geckos
  An orc (D:3)
  A ball python (D:3)
  4 giant cockroaches
  10 goblins
  12 hobgoblins
  6 jackals
  6 kobolds
  A quokka (D:2)
  8 bats
  5 giant newts
  11 rats
84 creatures vanquished.

Vanquished Creatures (others)
  A human (D:3)
1 creature vanquished.

Grand Total: 85 creatures vanquished

Notes
Turn   | Place    | Note
--------------------------------------------------------------
     0 | D:1      | GFox the Centaur Hunter began the quest for the Orb.
     0 | D:1      | Reached XP level 1. HP: 17/17 MP: 1/1
   288 | D:1      | Reached XP level 2. HP: 22/24 MP: 2/2
   484 | D:1      | Reached skill level 6 in Bows
   695 | D:1      | Reached XP level 3. HP: 29/29 MP: 3/3
  1037 | D:2      | Found a faded altar to an unknown god.
  1147 | D:2      | Noticed a moth of wrath
  1156 | D:2      | Found a bloodstained altar of Trog.
  1555 | D:2      | Reached skill level 7 in Bows
  1555 | D:2      | Reached XP level 4. HP: 36/36 MP: 4/4
  1930 | D:3      | Noticed Robin
  1954 | D:3      | Killed Robin
  2346 | D:3      | Noticed veneficus's ghost (weakling MfSk)
  2392 | D:3      | Killed veneficus's ghost
  2392 | D:3      | Reached skill level 1 in Armour
  2392 | D:3      | Reached XP level 5. HP: 25/41 MP: 5/5
  2711 | D:3      | Reached skill level 8 in Bows
  2800 | D:3      | Found an ancient bone altar of Kikubaaqudgha.
  2803 | D:3      | Noticed a human
  2805 | D:3      | Killed a human
  3028 | D:4      | Killed from afar by an orc priest

Skill      XL: |  1  2  3  4  5 |
---------------+----------------+-----
Bows           | 6 7 8 |  8.3
Armour         | 1 |  1.1
Dodging        | 2 |  2.0
Fighting       | |  2.2
Stealth        | |  0.5

Action                   |  1- 3 |  4- 6 || total
-------------------------+-------+-------++-------
 Fire: Shortbow          |   149 |   134 ||   283
  Use: Potion            |       |     1 ||     1
       Scroll            |       |     8 ||     8
  Eat: Chunk             |     1 |     1 ||     2
       Meat ration       |       |     1 ||     1
Armor: Leather armour    |    33 |    15 ||    48
Dodge: Dodged            |    38 |    26 ||    64
